 Dungeon Crawl Stone Soup version 0.26-a0-1213-gd52f5182fe (webtiles) character file.

Game seed: 2613335762105629308

880 sokol815 the Sneak (level 8, -1/46 HPs)
             Began as an Octopode Venom Mage on Dec 30, 2020.
             Was an Initiate of Gozag.
             Slain by an orc
             ... wielding a +2 mace of protection
              (5 damage)
             ... on level 5 of the Dungeon.
             The game lasted 00:19:35 (8559 turns).

sokol815 the Sneak (Octopode Venom Mage)            Turns: 8559, Time: 00:19:36

Health: -1/46      AC:  1    Str:  7    XL:     8   Next: 5%
Magic:  5/11       EV: 13    Int: 19    God:    Gozag
Gold:   242        SH:  5    Dex: 13    Spells: 8/11 levels left

rFire    . . .     SeeInvis .   w - +2 whip (holy)
rCold    . . .     Faith    .   p - +0 buckler
rNeg     . . .     Spirit   .   (helmet restricted)
rPois    .         Reflect  .   (no amulet)
rElec    .         Harm     .   e - ring of resist corrosion
rCorr    +         Rampage  .   (no ring)
Will     .....                  (no ring)
Stlth    ++++......             (no ring)
HPRegen  0.15/turn              (no ring)
MPRegen  0.12/turn              (no ring)
                                (no ring)
                                (no ring)

@: gold aura
A: almost no armour, stealthy swim, amphibious, 8 rings, constrict 8, camouflage
1, gelatinous body 1
a: Renounce Religion, Potion Petition, Call Merchant, Bribe Branch


You were on level 5 of the Dungeon.
You worshipped Gozag.
Gozag was aware of your devotion.
You visited 2 branches of the dungeon, and saw 6 of its levels.
You also visited: Sewer.

You collected 297 gold pieces.
You paid 55 gold pieces to Gozag.

Inventory:

Hand Weapons
 a - a +1 flail of protection
   (You took it off an orc on level 4 of the Dungeon)
 b - a +0 dagger of freezing
   (You took it off a goblin on level 3 of the Dungeon)
 c - a +0 club
   (You took it off a hobgoblin on level 1 of the Dungeon)
 l - a +0 spear
   (You found it on level 1 of the Dungeon)
 w - a +2 whip of holy wrath (weapon)
   (You took it off a kobold on level 2 of the Dungeon)
Missiles
 r - 27 bolts
 t - 148 stones
 v - 2 boomerangs
Armour
 p - a +0 buckler (worn)
   (You found it in a sewer)
 q - a +0 tower shield
   (You found it on level 2 of the Dungeon)
Jewellery
 e - a ring of resist corrosion (left tentacle)
   (You found it on level 1 of the Dungeon)
Wands
 x - a wand of flame (22)
   (You found it on level 4 of the Dungeon)
Scrolls
 d - 2 scrolls of blinking {!r}
 g - 2 scrolls of immolation {!r}
 h - a scroll of identify
 j - 3 scrolls of fear
 m - a scroll of amnesia {unknown}
 y - a scroll of teleportation {unknown}
 z - a scroll of remove curse
Potions
 f - 2 potions of invisibility
 i - 3 potions of lignification {!q}
 k - a potion of brilliance {unknown}
 n - a potion of flight
 o - 2 potions of resistance
 s - 2 potions of cancellation {unknown}
 u - 2 potions of haste {unknown}
 A - a potion of might {unknown}
 B - a potion of curing {unknown}


   Skills:
 - Level 2.0 Dodging
 + Level 6.8 Stealth
 - Level 4.0 Shields
 - Level 2.0 Spellcasting
 - Level 3.0 Transmutations
 - Level 3.0 Air Magic
 + Level 6.5 Poison Magic


You had 8 spell levels left.
You knew the following spells:

 Your Spells              Type           Power        Failure   Level
a - Sting                 Tmut/Pois      80%          2%          1
b - Poisonous Vapours     Pois/Air       40%          3%          2

Your spell library contained the following spells:

 Spells                   Type           Power        Failure   Level
 Olgreb's Toxic Radiance  Pois           26%          11%         4
 Ignite Poison            Fire/Tmut/Pois 14%          14%         3
 Mephitic Cloud           Conj/Pois/Air  14%          14%         3


Dungeon Overview and Level Annotations

Branches:
Dungeon (5/15)             Temple (1/1) D:4           Sewer (visited)

Altars:
Ashenzari
Cheibriados
Dithmenos
Fedhas
Gozag
Hepliaklqana
Kikubaaqudgha
Makhleb
Okawaru
Qazlal
Ru
Sif Muna
Trog
Uskayaw
Vehumet
Wu Jian
Xom
Yredelemnul
Zin
The Shining One


Innate Abilities, Weirdness & Mutations

You cannot wear most types of armour.
You are very stealthy in the water. (Stealth+)
You are amphibious.
You can wear up to eight rings at the same time.
You can use your tentacles to constrict eight enemies at once.
Your skin changes colour to match your surroundings (Stealth+).
Your rubbery body absorbs attacks. (AC +1, EV +1)


Message History

Poisonous vapours surround the orc wizard!
The orc wizard is engulfed in poison gas.
The orc wizard looks even sicker.
The orc wizard gestures at itself while chanting.
The orc wizard flickers and vanishes!
Deactivating autopickup; reactivate with Ctrl-A.
You now have 4/10 mp.
You barely miss the orc. You grab the orc. You constrict the orc.
The orc wizard gestures wildly while chanting.
The orc wizard blinks!
An orc wizard comes into view. It is wielding a +0 dagger.
The orc barely misses you.
The orc wizard mumbles some strange words.
The orc wizard blinks!
You sock the orc!
Your weapon exudes an aura of protection.
You kill the orc!
An orc comes into view. It is wielding a +2 mace of protection.
You hit the orc. You grab the orc. You squeeze the orc. You constrict the orc.
You kill the orc!
The orc wizard looks braver for a moment.
The orc hits you with a cursed +0 club.
You take 1 damage, and have 40/41 hp.
You hit the orc. You grab the orc.
You constrict the orc, but do no damage.
You kill the orc wizard!
The orc hits you with a cursed +0 club.
You take 3 damage, and have 37/41 hp.
You hit the orc.
You constrict the orc, but do no damage.
The orc closely misses you.
You hit the orc.
You kill the orc!
The orc wizard becomes distracted by the nearby gold, dreaming of imaginary riches.
You closely miss the orc wizard.
The orc wizard shouts!
Your grab misses the orc wizard. You squeeze the orc wizard!
The orc becomes distracted by the nearby gold, dreaming of imaginary riches. x2
The orc wizard gestures wildly while chanting.
The orc wizard seems to speed up.
The orc shouts! x2
You hit the orc wizard. You grab the orc wizard. You constrict the orc wizard.
The orc is no longer distracted by gold.
The orc wizard hits you but does no damage. x2
A centaur zombie comes into view.
The orc wizard casts a cantrip, but nothing happens.
You sock the orc wizard!
You kill the orc wizard!
The orc wizard is no longer distracted by gold.
The orc wizard casts a spell.
The orc wizard blinks!
The centaur zombie hits you.
You have reached level 8!
You take 1 damage, and have 37/46 hp.
Your +1 flail of protection goes still.
Your +2 whip of holy wrath softly glows with a divine radiance!
w - a +2 whip of holy wrath (weapon)
The centaur zombie barely misses you.
You hit the centaur zombie.
The centaur zombie convulses.
The orc is no longer distracted by gold.
Something hits you. The centaur zombie hits you.
You take 5 damage, and have 32/46 hp.
You hit the centaur zombie.
The centaur zombie convulses.
A bullfrog skeleton comes into view.
The centaur zombie barely misses you.
The orc wizard gestures wildly while chanting.
The orc wizard blinks!
Something barely misses you.
You hit the centaur zombie.
The centaur zombie convulses.
The centaur zombie hits you.
You hear some strange, mumbled words.
A puff of flame appears from out of thin air!
The puff of flame hits you. The centaur zombie barely misses you.
You take 11 damage, and have 21/46 hp.
MASSIVE DAMAGE!!
You hit the centaur zombie.
The centaur zombie convulses.
Something hits you.
The centaur zombie completely misses you.
You take 2 damage, and have 19/46 hp.
You hit the centaur zombie.
The centaur zombie convulses!
You squeeze the centaur zombie. You block the centaur zombie's attack.
Something hits you but does no damage. The centaur zombie hits you.
You block something's attack.
You take 5 damage, and have 14/46 hp.
You hit the centaur zombie.
The centaur zombie convulses.
You destroy the centaur zombie!
Something hits you!
* * * LOW HITPOINT WARNING * * *
You take 7 damage, and have 7/46 hp.
Unknown command.
The orc wizard gestures at you while chanting.
The magic dart hits something.
You see here 3 gold pieces.
Okay, then.
Aim: an orc, wielding a +2 mace of protection (24% to evade)
The sting hits something.
You now have 6/11 mp.
Aim: an orc, wielding a +2 mace of protection (24% to evade)
The sting hits the orc.
The orc is poisoned.
Something hits you.
* * * LOW HITPOINT WARNING * * *
The orc hits you with a +2 mace of protection.
You die...
Your body crumbles into a pile of gold.

. ### #' ..# ... #.# ....
###.# ..... ##.#.#
......####....##########..
...$.oZoo@................
......###.....###.######..
..... #.....# #.# ....
#..#### #.# ... #..# #<#
#' #..# #.# # #... ..#
##.# #### #.#


You could see an orc wizard, 2 orcs and a bullfrog skeleton.

Vanquished Creatures
  An ogre (D:4)
  A scorpion (D:4)
  A centaur zombie (D:5)
  A hound (D:4)
  2 orc priests
  A bullfrog skeleton (D:4)
  5 orc wizards
  3 iguanas
  2 worker ants (D:4)
  A hound skeleton (D:3)
  3 gnolls (D:3)
  8 adders
  A river rat (D:3)
  5 oozes
  7 worms
  4 dart slugs
  4 leopard geckos
  12 orcs
  15 bats
  5 giant cockroaches
  9 goblins
  5 hobgoblins
  17 jackals
  3 quokkas
  6 ball pythons
  8 frilled lizards
  A jackal skeleton (D:4)
  6 kobolds
  A leopard gecko skeleton (D:4)
  9 rats
147 creatures vanquished.

Vanquished Creatures (others)
  An orc wizard (D:3)
1 creature vanquished.

Grand Total: 148 creatures vanquished

Notes
Turn   | Place    | Note
-------+----------+-------------------------------------------
     0 | D:1      | sokol815 the Octopode Venom Mage began the quest for the
                  | Orb.
     0 | D:1      | Reached XP level 1. HP: 11/11 MP: 3/3
    57 | D:1      | Reached skill level 3 in Stealth
   141 | D:1      | Reached skill level 4 in Poison Magic
   141 | D:1      | Reached XP level 2. HP: 17/17 MP: 3/5
   449 | D:1      | Reached XP level 3. HP: 19/21 MP: 4/6
  1055 | D:2      | Found a faded altar of an unknown god.
  1136 | D:2      | Reached skill level 4 in Stealth
  1237 | D:2      | Found a shadowy altar of Dithmenos.
  1338 | D:2      | Found an ornate altar of the Wu Jian Council.
  1377 | D:2      | Found a sacrificial altar of Ru.
  1496 | D:2      | Found an ancient bone altar of Kikubaaqudgha.
  1557 | D:2      | Reached XP level 4. HP: 27/27 MP: 7/7
  1637 | D:2      | Reached skill level 2 in Transmutations
  2144 | D:3      | Found a glowing drain.
  2154 | Sewer    | Entered a sewer
  2585 | Sewer    | Learned a level 2 spell: Poisonous Vapours
  3036 | Sewer    | Reached XP level 5. HP: 29/31 MP: 3/8
  3348 | D:3      | Reached skill level 1 in Shields
  3348 | D:3      | Reached skill level 1 in Air Magic
  3348 | D:3      | Reached skill level 5 in Poison Magic
  3373 | D:3      | HP: 3/31 [something/magic dart (7)]
  3951 | D:3      | HP: 5/31 [hound skeleton (4)]
  4225 | D:3      | Found a hide-covered altar of Uskayaw.
  4280 | D:3      | Reached skill level 5 in Stealth
  4280 | D:3      | Reached XP level 6. HP: 17/36 MP: 1/9
  4453 | D:3      | Reached skill level 2 in Air Magic
  4656 | D:3      | Reached skill level 2 in Shields
  5127 | D:3      | Found a radiant altar of Vehumet.
  6092 | D:4      | Reached skill level 3 in Transmutations
  6395 | D:4      | Reached XP level 7. HP: 41/41 MP: 3/10
  6796 | D:4      | Reached skill level 3 in Shields
  6796 | D:4      | Reached skill level 3 in Air Magic
  7296 | D:4      | Found a shimmering blue altar of Sif Muna.
  7297 | D:4      | Found a bloodstained altar of Trog.
  7298 | D:4      | Found a snail-covered altar of Cheibriados.
  7688 | D:4      | Reached skill level 6 in Poison Magic
  7890 | D:4      | Found a staircase to the Ecumenical Temple.
  7899 | Temple   | Entered the Ecumenical Temple
  7990 | Temple   | Became a worshipper of Gozag Ym Sagoz the Greedy
  8030 | D:4      | Reached skill level 6 in Stealth
  8199 | D:4      | Reached skill level 4 in Shields
  8409 | D:5      | Entered Level 5 of the Dungeon
  8549 | D:5      | Reached XP level 8. HP: 37/46 MP: 5/11
  8555 | D:5      | HP: 7/46 [something (7)]
  8559 | D:5      | Slain by an orc

Illustrated notes

Levels and vault maps discovered:
D:1:      dpeg_arrival_rhombi, layout_loops_ring
D:2:      minmay_door_path, layout_basic,
          nicolae_dithmenos_through_a_glass_darkly,
          nicolae_overflow_crystal_walls, nzn_wu_jian_council_hall,
          chequers_ecumenical_altar_island, nicolae_ru_awakened_eye
D:3:      layout_basic, lemuel_coloured_pillars_altar, vehumet_crystals,
          cheibrodos_sewer_entry_sluice
D:4:      layout_layer_cave, gammafunk_temple_overflow_forgotten,
          minmay_temple_entry_butterflies
D:5:      layout_loops_corners, fedhas_altar_1
Temple:   hc_temple_tempest_star

Skill      XL: |  1  2  3  4  5  6  7 |
---------------+----------------------+-----
Stealth        | 3 4 5 6 |  6.8
Poison Magic   | 4 5 6 |  6.5
Transmutations | 2 3 |  3.0
Shields        | 1 2 4 |  4.0
Air Magic      | 1 2 3 |  3.0
Dodging        | |  2.0
Spellcasting   | |  2.0

Action                   |  1- 3 |  4- 6 |  7- 9 || total
-------------------------+-------+-------+-------++-------
Melee: Unarmed           |     6 |       |       ||     6
       Constrict         |    12 |    23 |    12 ||    47
       Spear             |    58 |     6 |       ||    64
       Tentacles         |     6 |    21 |    10 ||    37
       Dagger            |       |    88 |    15 ||   103
       Whip              |       |     2 |     7 ||     9
       Flail             |       |       |    35 ||    35
 Cast: Sting             |    35 |    93 |     9 ||   137
       Poisonous Vapours |       |    31 |    47 ||    78
  Use: Scroll            |       |    11 |       ||    11
       Potion            |       |     1 |       ||     1
 Stab: Sleeping          |     3 |       |       ||     3
Armor: Skin              |     5 |     5 |    11 ||    21
Dodge: Dodged            |    28 |    81 |    44 ||   153
Block: Buckler           |       |       |     3 ||     3

Table legend: (Time is in decaauts)
 A = Elapsed time spent in this place.
 B = Non-inter-level travel time spent in this place.
 C = Inter-level travel time spent in this place.
 D = Time resting spent in this place.
 E = Time spent auto-exploring this place.
 F = Levels seen in this place.
 G = Mean time per level.
                   A        B        C        D        E       F      G
               +--------+--------+--------+--------+--------+-----+--------+
         Total |   8589 |   8263 |    326 |   2412 |   4595 |   7 | 1227.0 |
       Dungeon |   7447 |   7136 |    311 |   1925 |   4140 |   5 | 1489.4 |
        Temple |    106 |     91 |     15 |      0 |     82 |   1 |  106.0 |
         Sewer |   1035 |   1035 |      0 |    487 |    373 |   1 | 1035.0 |
               +--------+--------+--------+--------+--------+-----+--------+

Top non-repeatable levels by time:
     D:4: 2232 daAuts
     D:3: 2094 daAuts
     D:2: 1959 daAuts
   Sewer: 1035 daAuts
     D:1: 1002 daAuts
     D:5: 158 daAuts
  Temple: 106 daAuts

Table legend:
 A = Kills in this place as a percentage of kills in entire the game.
 B = Kills by you in this place as a percentage of kills by you in the entire game.
 C = Kills by friends in this place as a percentage of kills by friends in the entire game.
 D = Other kills in this place as a percentage of other kills in the entire game.
 E = Experience gained in this place as a percentage of experience gained in the entire game.
 F = Experience gained in this place divided by the number of levels of this place that you have seen.
                   A       B       C       D       E      F
               +-------+-------+-------+-------+-------+----------------------
         Total | 100.0 | 100.0 |   N/A | 100.0 | 100.0 | 179.7
       Dungeon |  84.5 |  84.4 |   N/A | 100.0 |  94.8 | 238.4
         Sewer |  15.5 |  15.6 |   N/A |   0.0 |   5.2 |  66.0
               +-------+-------+-------+-------+-------+----------------------
